 Dungeon Crawl Stone Soup version 0.27.1-34-g3ba077fa99 (webtiles) character file.

Game seed: 3072731687478631261

74 zeram the Sneak (level 4, -4/29 HPs)
             Began as an Octopode Brigand on Jan 19, 2022.
             Killed by divine providence
             ... invoked by an orc priest
              (10 damage)
             ... on level 3 of the Dungeon.
             The game lasted 00:01:52 (2034 turns).

zeram the Sneak (Octopode Brigand)                  Turns: 2034, Time: 00:01:52

Health: -4/29      AC:  1    Str: 10    XL:     4   Next: 28%
Magic:  4/4        EV: 12    Int: 14    God:
Gold:   136        SH:  0    Dex: 13    Spells: 3/3 levels left

rFire    . . .     SeeInvis .   h - +1 short sword (venom)
rCold    . . .     Faith    .   (no shield)
rNeg     . . .     Spirit   .   (helmet restricted)
rPois    .         Reflect  .   (no amulet)
rElec    .         Harm     .   (no ring)
rCorr    .         Rampage  .   (no ring)
Will     .....                  (no ring)
Stlth    ++++......             (no ring)
HPRegen  0.09/turn              (no ring)
MPRegen  0.09/turn              (no ring)
                                (no ring)
                                (no ring)

@: no status effects
A: almost no armour, amphibious, 8 rings, camouflage 1, gelatinous body 1,
(nimble swimmer 1), tentacles
a: no special abilities


You were on level 3 of the Dungeon.
You visited 1 branch of the dungeon, and saw 3 of its levels.

You collected 136 gold pieces.

Inventory:

Hand Weapons
 a - a +2 dagger
 h - a +1 short sword of venom (weapon)
Missiles
 b - 8 poisoned darts (quivered)
 c - 2 curare-tipped darts
Scrolls
 d - a scroll of blinking {unknown}
 g - 2 scrolls of fog {unknown}
 k - a scroll of silence
 l - a scroll of enchant weapon {unknown}
 m - 2 scrolls of identify
Potions
 e - a potion of lignification {unknown}
 f - a potion of haste {unknown}
 i - a potion of flight {unknown}
 j - 2 potions of curing


   Skills:
 - Level 2.0 Fighting
 - Level 2.0 Short Blades
 - Level 2.0 Throwing
 - Level 1.0 Dodging
 + Level 7.3 Stealth
 * Level 1.5 Unarmed Combat


You had 3 spell levels left.
You didn't know any spells.
Your spell library contained the following spells:

 Spells                   Type           Power      Damage    Failure   Level
 Beastly Appendage        Tmut           0%         N/A       28%         1
 Wereblood                Tmut           0%         N/A       41%         2
 Spider Form              Tmut/Pois      0%         N/A       65%         3


Dungeon Overview and Level Annotations

Branches:
Dungeon (3/15)

Altars:


Innate Abilities, Weirdness & Mutations

You cannot wear most types of armour.
You are amphibious.
You can wear up to eight rings at the same time.
Your skin changes colour to match your surroundings (Stealth+).
Your rubbery body absorbs attacks. (AC +1, EV +1)
((You are camouflaged near water. (Stealth+)))
You have tentacles for arms and can constrict up to eight enemies at once.


Message History

The orc wizard is moderately wounded.
You constrict the orc wizard. The orc barely misses you.
The orc wizard barely misses you.
You hit the orc wizard but do no damage.
The orc wizard looks as sick as possible!
The orc wizard is almost dead.
You constrict the orc wizard, but do no damage.
The orc hits you with a +0 hand axe. The orc priest closely misses you.
The orc wizard hits you with a +0 dagger.
You are too injured to fight recklessly!
You are too injured to fight recklessly!
You are too injured to fight recklessly!
You hit the orc priest. You grab the orc priest. You squeeze the orc priest!
The orc priest is severely wounded.
You constrict the orc priest.
You constrict the orc wizard, but do no damage.
The orc hits you with a +0 hand axe.
The orc priest hits you with a +0 hand axe.
The orc wizard gestures at you while chanting.
You are confused.
You release your grip on the orc priest.
You release your grip on the orc wizard.
You kill the orc wizard!
The orc priest mumbles some strange prayers to Beogh against you.
Pain shoots through your body!
Your Stealth skill increases to level 7!
You have reached level 4!
You feel better. The orc hits you with a +0 hand axe.
You closely miss the orc. You grab the orc. You constrict the orc.
The orc hits you with a +0 hand axe.
The orc priest invokes the aid of Beogh against you.
Pain shoots through your body!
* * * LOW HITPOINT WARNING * * *
Unknown command.
You hit the orc.
The orc is heavily wounded.
You constrict the orc. The orc misses you.
The orc priest mumbles some strange prayers to Beogh against you.
Beogh smites you!
You die...

#.##..#
#.##..#
..##..#
#####..#
#..####
#../..#
#..##.#
##.##.###
#@.....#
#oo)...#
#......#
##.......#
#......##
......##
#.....#
#######


You could see an orc priest and an orc.

Vanquished Creatures
  An orc wizard (D:3)
  An adder (D:2)
  2 worms (D:2)
  4 ball pythons (D:2)
  5 endoplasms
  3 jackals (D:1)
  4 quokkas
  4 bats
  4 frilled lizards
  A goblin (D:2)
  2 kobolds (D:2)
  4 rats (D:1)
35 creatures vanquished.

Notes
Turn   | Place    | Note
-------+----------+-------------------------------------------
     0 | D:1      | zeram the Octopode Brigand began the quest for the Orb.
     0 | D:1      | Reached XP level 1. HP: 14/14 MP: 1/1
   291 | D:1      | Reached XP level 2. HP: 14/19 MP: 2/2
   479 | D:1      | Reached skill level 6 in Stealth
   939 | D:1      | Found a faded altar of an unknown god.
  1114 | D:2      | Reached skill level 1 in Unarmed Combat
  1119 | D:2      | Reached XP level 3. HP: 24/24 MP: 3/3
  2032 | D:3      | Reached skill level 7 in Stealth
  2032 | D:3      | Reached XP level 4. HP: 9/29 MP: 4/4
  2034 | D:3      | Killed from afar by an orc priest

Illustrated notes

Levels and vault maps discovered:
D:1:      minmay_arrival_floating_metal, layout_basic,
          shapermc_ecumenical_altar_flowoftime
D:2:      layout_basic, kennysheep_generic_room_7
D:3:      layout_rooms, mainiacjoe_overflow_24_doors, serial_shops,
          nicolae_shop_trees, uniq_crazy_yiuf_cottage, uniq_sigmund,
          uniq_natasha

Skill      XL: |  1  2  3 |
---------------+----------+-----
Stealth        | 6 7 |  7.3
Unarmed Combat | 1 |  1.5
Fighting       | |  2.0
Short Blades   | |  2.0
Throwing       | |  2.0
Dodging        | |  1.0

Action                   |  1- 3 |  4- 6 || total
-------------------------+-------+-------++-------
Melee: Dagger            |    34 |       ||    34
       Constrict         |    15 |     1 ||    16
       Tentacles         |     7 |       ||     7
       Short sword       |    29 |     2 ||    31
  Use: Scroll            |     4 |       ||     4
       Potion            |       |     1 ||     1
 Stab: Sleeping          |    15 |       ||    15
Armor: Skin              |     5 |       ||     5
Dodge: Dodged            |    53 |     1 ||    54
